[Event "Rapid della Domenica"]
[Site "Chess.com"]
[Date "2020.04.19"]
[Round "4"]
[White "fausto2p"]
[Black "SanSecondoPR"]
[Result "0-1"]
[WhiteElo "859"]
[BlackElo "1183"]
[TimeControl "720+3"]
[EndTime "7:38:55 PDT"]
[Termination "SanSecondoPR ha vinto per tempo"]

1. d4 d5 2. c4 e5 3. dxe5 d4 4. Nf3 Nc6 5. a3 Bg4 6. Nbd2 Nge7 7. h3 Bh5 8. b4 a6 9. Bb2 g5 10. Nb3 Bxf3 11. exf3 Bg7 12. Nxd4 Nxe5 13. Rb1 O-O 14. Be2 Qc8 15. O-O c5 16. bxc5 Qxc5 17. Nb3 Qc7 18. Qc2 Qc6 19. Rfd1 Qh6 20. Qe4 N7g6 21.
Rd6 Rae8 22. Qd5 Qh4 23. Rd7 Nf4 24. Qd2 Nxd7 25. Qxd7 Nxe2+ 26. Kf1 Bxb2 27. Rxb2 Qf4 28. Rxe2 Rxe2 29. Kxe2 Qe5+ 30. Kf1 Qb2 0-1

[Event "Rapid della Domenica"]
[Site "Chess.com"]
[Date "2020.04.19"]
[Round "4"]
[White "pedrak"]
[Black "BAKR1980"]
[Result "1-0"]
[WhiteElo "1627"]
[BlackElo "1506"]
[TimeControl "720+3"]
[EndTime "7:43:02 PDT"]
[Termination "pedrak ha vinto per scaccomatto"]

1. d4 d5 2. Nf3 Nf6 3. Bf4 e6 4. e3 g6 5. h3 Bg7 6. Be2 c5 7. c3 c4 8. O-O a5 9. Nbd2 O-O 10. Qc2 Nc6 11. Rfe1 b5 12. Ne5 Qb6 13. Nxc6 Qxc6 14.
Be5 b4 15. Bf3 Nd7 16. Bxg7 Kxg7 17. e4 Nf6 18. Rab1 Rb8 19. e5 Ng8 20. Nf1 Ne7 21.
Qd2 Qa4 22. Ra1 Qb5 23. Re2 Nf5 24. g3 Bd7 25. Nh2 h5 26. Qg5 bxc3 27. bxc3 Kh7 28.
Kg2 Qb6 29. g4 hxg4 30. hxg4 Ng7 31. Rh1 Kg8 32. Nf1 Be8 33. Qh4 f5 34. exf6 Rxf6 35. Qxf6 Qd8 36. Qe5 Bf7 37. Qh2 Nh5 38. gxh5 Qg5+ 39.
Ng3 Kg7 40. hxg6 Bxg6 41. Re5 Qd2 42. Qh4 Rb2 43. Qe7+ Bf7 44. Re2 Qxc3 45. Qg5+ Bg6 46. Rxe6 Qc2 47. Qf6+ Kg8 48. Rh8# 1-0

[Event "Rapid della Domenica"]
[Site "Chess.com"]
[Date "2020.04.19"]
[Round "4"]
[White "sergiodone"]
[Black "Mrtre7"]
[Result "1-0"]
[WhiteElo "1366"]
[BlackElo "1299"]
[TimeControl "720+3"]
[EndTime "7:46:42 PDT"]
[Termination "sergiodone ha vinto per tempo"]

1. e4 c5 2. Nf3 e6 3. c3 d5 4. exd5 exd5 5. d4 Nf6 6. Bd3 Bg4 7.
Bg5 cxd4 8. cxd4 Bb4+ 9. Nc3 Qb6 10. O-O O-O 11. Be3 Nc6 12. Na4 Qc7 13. Rc1 Qd8 14. a3 Bd6 15. h3 Bh5 16. Nc5 Bxc5 17. Rxc5 Ne4 18. Rc1 Qf6 19. Be2 Ne7 20. Nh2 Bxe2 21. Qxe2 Nf5 22. Ng4 Qb6 23. Rfd1 Rac8 24. Ne5 Qd6 25.
Qg4 Nxe3 26. fxe3 f5 27. Qf4 Nf6 28. Rxc8 Rxc8 29. Qxf5 Rc2 30. b4 Ra2 31. Rc1 g6 32. Rc8+ Kg7 33. Qf3 Rxa3 34. Ng4 Ra6 35. Nxf6 Qxf6 36.
Rc7+ Kh6 37. Qxf6 Rxf6 38. Rxb7 Rb6 39. Rxa7 Rxb4 40. Rd7 Rb3 41. Kf2 Kg5 42. Rxd5+ Kf6 43. Kf3 Ke6 44. Rc5 Rb1 45. h4 Rh1 46. g3 Rd1 47. h5 Kf6 48. hxg6 hxg6 49. g4 Rf1+ 50. Ke4 Rg1 51. Kf4 Rf1+ 52. Kg3 Re1 53. Re5 Rg1+ 54.
Kf3 Rf1+ 55. Kg2 Rd1 56. g5+ Kg7 57. Kf3 Rf1+ 58. Ke4 Kf7 59. d5 Rd1 60. Kf3 Rf1+ 61. Ke2 Ra1 62. e4 Ra6 63. Ke3 Ra3+ 64. Kf4 Ra1 65. Re6 Rf1+ 66. Ke5 Rd1 67. d6 Ra1 68. Rf6+ Ke8 69. Ke6 Ra4 70. e5 Rg4 71. Rxg6 Re4 72.
Kf5 Rd4 73. Re6+ Kd8 74. Rh6 Kd7 75. Rh7+ Kd8 76. Ke6 1-0

[Event "Rapid della Domenica"]
[Site "Chess.com"]
[Date "2020.04.19"]
[Round "5"]
[White "Mrtre7"]
[Black "ottovolante"]
[Result "1-0"]
[WhiteElo "1329"]
[BlackElo "1009"]
[TimeControl "720+3"]
[EndTime "7:51:23 PDT"]
[Termination "Mrtre7 ha vinto per scaccomatto"]

1. d4 d5 2. c4 e6 3. Nc3 Nf6 4. cxd5 Nxd5 5. e4 Bb4 6. exd5 Bxc3+ 7. bxc3 exd5 8. Nf3 O-O 9. Bd3 Re8+ 10. Be3 Qe7 11. O-O Be6 12. Re1 Nd7 13. Qc2 Nf6 14. Bg5 Qd7 15.
Bxf6 g6 16. Qd2 Bf5 17. Qh6 Rxe1+ 18. Rxe1 Bxd3 19. Qg7# 1-0

[Event "Rapid della Domenica"]
[Site "Chess.com"]
[Date "2020.04.19"]
[Round "5"]
[White "sirmale49"]
[Black "crippo"]
[Result "1-0"]
[WhiteElo "1400"]
[BlackElo "1527"]
[TimeControl "720+3"]
[EndTime "7:52:03 PDT"]
[Termination "sirmale49 ha vinto per abbandono"]

1. f4 Nf6 2. Nf3 d6 3. g3 Bg4 4.
e3 e6 5. Bg2 Nc6 6. h3 Bh5 7.
g4 Bg6 8. Nc3 Ne4 9. O-O Be7 10.
d3 Nxc3 11. bxc3 O-O 12. Bd2 f5 13. g5 e5 14. Rb1 e4 15. Nh4 Rb8 16. Nxg6 h6 17.
h4 Kh7 18. Nxf8+ Qxf8 19. Qh5 g6 20. Qxh6+ Qxh6 21. gxh6 Bxh4 22. dxe4 Kxh6 23. exf5 gxf5 24. Bxc6 Rg8+ 25. Bg2 b6 26. Be1 1-0

[Event "Rapid della Domenica"]
[Site "Chess.com"]
[Date "2020.04.19"]
[Round "5"]
[White "FrancescoZasa"]
[Black "fausto2p"]
[Result "0-1"]
[WhiteElo "644"]
[BlackElo "895"]
[TimeControl "720+3"]
[EndTime "7:59:34 PDT"]
[Termination "fausto2p ha vinto per scaccomatto"]

1. d4 d5 2. c4 c6 3. e3 Nf6 4. Nf3 e6 5. Nc3 Bb4 6. c5 Bxc3+ 7. bxc3 Ne4 8. Qc2 Nd7 9. c4 b6 10. cxd5 exd5 11. cxb6 Bb7 12. Rb1 Nxb6 13. Be2 O-O 14. O-O Qc7 15. g3 a5 16. Bd3 f5 17. Bxe4 fxe4 18.
Ng5 Bc8 19. h4 h6 20. Ne6 Bxe6 21. f4 exf3 22. Rxf3 Rxf3 23. Kg2 Qxg3+ 24. Kh1 Rf1# 0-1

[Event "Rapid della Domenica"]
[Site "Chess.com"]
[Date "2020.04.19"]
[Round "5"]
[White "caramante"]
[Black "Ollarov"]
[Result "0-1"]
[WhiteElo "1570"]
[BlackElo "2047"]
[TimeControl "720+3"]
[EndTime "8:03:52 PDT"]
[Termination "Ollarov ha vinto per scaccomatto"]

1. Nf3 Nf6 2. d4 d6 3. g3 g6 4. Bg2 Bg7 5. O-O O-O 6. Re1 Nc6 7. c3 Bf5 8. Nbd2 Ne4 9. Nh4 Nxd2 10. Nxf5 gxf5 11.
Bxd2 d5 12. Qc1 e6 13. Bh6 Qf6 14. Bxg7 Kxg7 15. Qf4 Rac8 16. h3 Ne7 17. Qd2 c5 18. e3 Rc6 19. c4 cxd4 20. cxd5 dxe3 21. Rxe3 Rd8 22. Rd3 Rcd6 23. Rd1 e5 24. Qb4 e4 25.
R3d2 b6 26. Qa4 Rxd5 27. Rxd5 Rxd5 28. Rxd5 Nxd5 29. Qxa7 Qxb2 30. Qd7 Qe5 31. a4 Nc3 32. Bf1 e3 33. Bc4 exf2+ 34. Kxf2 Ne4+ 35. Kf1 Qa1+ 36. Kg2 Qb2+ 37. Kf3 Qf2# 0-1

[Event "Rapid della Domenica"]
[Site "Chess.com"]
[Date "2020.04.19"]
[Round "5"]
[White "OMatteoWuO"]
[Black "ferrariand"]
[Result "1-0"]
[WhiteElo "1211"]
[BlackElo "1544"]
[TimeControl "720+3"]
[EndTime "8:04:57 PDT"]
[Termination "OMatteoWuO ha vinto per abbandono"]

1. d4 d5 2. c4 e6 3. Nc3 Nf6 4. Nf3 Be7 5. e3 O-O 6. Be2 dxc4 7. Bxc4 c5 8. O-O Nc6 9. b3 cxd4 10. exd4 Bb4 11. Bb2 Re8 12. a3 Bf8 13. Ne2 Qb6 14.
Qc2 Na5 15. Rab1 Qc6 16. a4 Nxc4 17. Qxc4 Qxc4 18. bxc4 b6 19. Ng3 Ba6 20. Nd2 Rac8 21. Rbc1 Bd6 22. Nge4 Bf4 23. Nxf6+ gxf6 24. Rfd1 Bxd2 25.
Rxd2 Bxc4 26. Rdc2 Ba6 27. Rxc8 Rxc8 28. Rxc8+ Bxc8 29. f4 f5 30. Kf2 Kf8 31. h3 Ke8 32. g4 fxg4 33. hxg4 Kd7 34. Ke3 Bb7 35. Ba3 Bc6 36. a5 bxa5 37. Kd3 Bd5 38. g5 Kc6 39. Bc5 a6 40.
Kc2 Kb5 41. Kc3 a4 42. Ba3 a5 43. Bc5 Kc6 44. Ba3 Kd7 45. Bc5 f6 46. gxf6 h5 47. f7 1-0

[Event "Rapid della Domenica"]
[Site "Chess.com"]
[Date "2020.04.19"]
[Round "5"]
[White "BAKR1980"]
[Black "SanSecondoPR"]
[Result "1-0"]
[WhiteElo "1518"]
[BlackElo "1172"]
[TimeControl "720+3"]
[EndTime "8:06:43 PDT"]
[Termination "BAKR1980 ha vinto per abbandono"]

1. e4 e5 2. Nf3 Nf6 3. Bc4 Bd6 4. d4 Qe7 5. O-O Nc6 6. c3 O-O 7. Bg5 Na5 8. Bd3 h6 9. Bh4 g5 10. Bg3 Nh5 11. dxe5 Nxg3 12. exd6 Qxd6 13. hxg3 Qf6 14. e5 Qg7 15. Bf5 d6 16. Bxc8 Raxc8 17. exd6 cxd6 18. Na3 Nc6 19. Nd4 Ne5 20. Qh5 Qf6 21. g4 Kh7 22.
Nf5 Rg8 23. Rad1 Rc6 24. Nb5 Qg6 25. Qh3 Re8 26. Nbxd6 Re6 27. Nxb7 Rc4 28. Rd4 Rec6 29. Rfd1 Rxd4 30. Rxd4 Nc4 31. Nd8 Rc8 32. Qd3 Ne5 33. Qe4 Nc6 34. Rd6 Ne7 35. Rxg6 1-0

[Event "Rapid della Domenica"]
[Site "Chess.com"]
[Date "2020.04.19"]
[Round "5"]
[White "sergiodone"]
[Black "pedrak"]
[Result "0-1"]
[WhiteElo "1363"]
[BlackElo "1647"]
[TimeControl "720+3"]
[EndTime "8:10:08 PDT"]
[Termination "pedrak ha vinto per tempo"]

1. e4 d5 2. exd5 Qxd5 3. c4 Qd8 4. d4 Nf6 5. Nc3 e6 6. h3 Be7 7. Nf3 O-O 8. Bd3 b6 9. O-O Bb7 10. Qe2 Nbd7 11. Bg5 Re8 12. Rad1 Nf8 13. Bxf6 Bxf6 14. Be4 Bxe4 15. Qxe4 Ng6 16. g3 Qe7 17. Rfe1 Rad8 18. a3 Rd7 19. h4 h6 20. h5 Nf8 21. b4 Qd8 22. Ne2 c5 23. bxc5 bxc5 24. Qc6 cxd4 25. Nexd4 e5 26. Qe4 Qc7 27. Nc6 Rxd1 28. Rxd1 Rc8 29.
Ncxe5 Bxe5 30. Nxe5 Re8 31. Rd5 Nd7 32. f4 Nf6 33.
Qd3 Nxd5 34. cxd5 Qc5+ 35. Kg2 Rd8 36. Qf5 Qxd5+ 37. Kh3 Qe6 38. Qxe6 fxe6 39. Kg4 Rd6 40. Kf3 Ra6 0-1

[Event "Rapid della Domenica"]
[Site "Chess.com"]
[Date "2020.04.19"]
[Round "5"]
[White "MartinoMontepietra"]
[Black "moha1812med"]
[Result "0-1"]
[WhiteElo "696"]
[BlackElo "1057"]
[TimeControl "720+3"]
[EndTime "8:13:30 PDT"]
[Termination "moha1812med ha vinto per scaccomatto"]

1. g3 e5 2. Nf3 Nc6 3. Bg2 Nf6 4. O-O Bc5 5. e3 O-O 6. d4 exd4 7. exd4 Bb6 8. Nc3 d5 9. a3 Bg4 10. h3 Bxf3 11. Bxf3 h6 12. g4 Bxd4 13. Nb5 Bb6 14. b3 a6 15. Nc3 Bd4 16. Bb2 b5 17. Re1 a5 18. a4 b4 19. Nb5 Bxb2 20. Rb1 Be5 21.
Qc1 Nd7 22. c3 bxc3 23. Bxd5 Nd4 24. Qd1 c2 25. Qd3 cxb1=Q 26. Rxb1 Nc5 27. Qc4 c6 28. Qxc5 cxb5 29. axb5 Qf6 30. Bxa8 Rxa8 31. b6 Bh2+ 32. Kxh2 Qf4+ 33. Kg1 Ne2+ 34. Kf1 Ng3+ 35. Kg1 Qe4 36.
b7 Qh1# 0-1

[Event "Rapid della Domenica"]
[Site "Chess.com"]
[Date "2020.04.19"]
[Round "6"]
[White "Ollarov"]
[Black "pedrak"]
[Result "0-1"]
[WhiteElo "1971"]
[BlackElo "1734"]
[TimeControl "720+3"]
[EndTime "8:20:54 PDT"]
[Termination "pedrak ha vinto per abbandono"]

1. e4 d5 2. exd5 Qxd5 3. Nc3 Qd6 4. d4 Nf6 5. Nf3 Bg4 6. Be2 c6 7. Be3 e6 8. Qd2 Nbd7 9. h3 Bxf3 10. Bxf3 Qc7 11.
Ne4 Nxe4 12. Bxe4 Nf6 13. Bf3 Be7 14. Bf4 Bd6 15. Bg5 Be7 16. Bf4 Qb6 17. O-O-O Nd5 18. Bxd5 cxd5 19. Be5 f6 20. Bg3 Kf7 21. Qe2 Rac8 22.
Rd3 Rc6 23. Rhd1 Rhc8 24. R1d2 Qa6 25. Qh5+ Kg8 26. Ra3 Bxa3 27. bxa3 Qxa3+ 28. Kb1 Rb6+ 0-1

[Event "Rapid della Domenica"]
[Site "Chess.com"]
[Date "2020.04.19"]
[Round "6"]
[White "crippo"]
[Black "Piccolorso"]
[Result "1-0"]
[WhiteElo "1544"]
[BlackElo "1240"]
[TimeControl "720+3"]
[EndTime "8:23:13 PDT"]
[Termination "crippo ha vinto per abbandono"]

1. e4 c5 2. Nf3 Nc6 3. Nc3 d6 4. a4 Nf6 5. Bb5 Qc7 6. Nd5 Qd8 7. O-O Bd7 8. Nxf6+ exf6 9. d3 Be7 10. Bf4 a6 11. Bc4 Ne5 12. Bg3 O-O 13. Nxe5 fxe5 14. Qh5 b5 15. axb5 axb5 16. Bd5 Rc8 17. f4 Bf6 18. fxe5 g6 19. Qf3 dxe5 20. Qxf6 Qxf6 21.
Rxf6 c4 22. d4 exd4 23. Be5 Kg7 24. Bxd4 Be6 25. Rxe6+ 1-0

[Event "Rapid della Domenica"]
[Site "Chess.com"]
[Date "2020.04.19"]
[Round "6"]
[White "ottovolante"]
[Black "fausto2p"]
[Result "0-1"]
[WhiteElo "999"]
[BlackElo "972"]
[TimeControl "720+3"]
[EndTime "8:25:09 PDT"]
[Termination "fausto2p ha vinto per scaccomatto"]

1. e4 e6 2. d4 d5 3. e5 c5 4. Nf3 Nc6 5. a3 a5 6. Be3 Qb6 7. Qc1 Nh6 8. Nc3 Nf5 9. Na4 Qa7 10. Bb5 Bd7 11. Bxc6 Bxc6 12. Nc3 cxd4 13. Nxd4 Nxd4 14. Bxd4 Qxd4 15. O-O Qxe5 16. Re1 Qd6 17. Ne2 Be7 18. Ng3 O-O 19. c3 Bf6 20. Qc2 b5 21. Nh5 Qd8 22.
Re3 g6 23. Nxf6+ Qxf6 24. Rf3 Qe7 25. Re1 d4 26. Rg3 dxc3 27. bxc3 Bd5 28. Qd2 Bc4 29. Qh6 Qf6 30. Ree3 Rad8 31. Rh3 Rd1+ 32. Re1 Rxe1# 0-1

[Event "Rapid della Domenica"]
[Site "Chess.com"]
[Date "2020.04.19"]
[Round "6"]
[White "caramante"]
[Black "sergiodone"]
[Result "1-0"]
[WhiteElo "1588"]
[BlackElo "1359"]
[TimeControl "720+3"]
[EndTime "8:27:34 PDT"]
[Termination "caramante ha vinto per abbandono"]

1. Nf3 c5 2. e4 d6 3. g3 e6 4. Bg2 Be7 5. d3 Nc6 6. Be3 a6 7. h3 Bd7 8. c3 b5 9. O-O h5 10.
h4 Nf6 11. Nbd2 Ng4 12. Qe2 Qc7 13. Nh2 Nce5 14. f4 Nxe3 15. Qxe3 Ng4 16. Nxg4 hxg4 17. Qe2 Bc6 18. Qxg4 g6 19. Rae1 O-O-O 20. d4 c4 21. Qf3 Bb7 22. Qe3 Kb8 23. f5 gxf5 24.
exf5 Bxg2 25. Kxg2 d5 26. fxe6 Rhg8 27. Rf4 f6 28.
Nf3 Rg6 29. h5 Rg7 30. Nh4 Rg5 31. Rf5 Rdg8 32. Rxg5 Rxg5 33. Ng6 Rxh5 34. Nxe7 Qxe7 35. Qf4+ Kb7 36. g4 Rg5 37. Kf3 Kc6 38. Qb8 Rg7 39.
Qa8+ Qb7 40. Qxb7+ Rxb7 41. e7 Rb8 42. e8=Q+ Rxe8 43. Rxe8 a5 44. Re6+ Kc7 45. Rxf6 b4 46. g5 a4 47. g6 a3 48. bxa3 bxc3 49. Ke2 1-0

[Event "Rapid della Domenica"]
[Site "Chess.com"]
[Date "2020.04.19"]
[Round "6"]
[White "sirmale49"]
[Black "BAKR1980"]
[Result "0-1"]
[WhiteElo "1391"]
[BlackElo "1543"]
[TimeControl "720+3"]
[EndTime "8:33:54 PDT"]
[Termination "BAKR1980 ha vinto per abbandono"]

1. f4 Nc6 2. Nf3 d6 3. g3 f6 4. e3 e5 5. Bg2 Bg4 6. h3 Bh5 7.
g4 Bf7 8. f5 Qd7 9. e4 O-O-O 10. O-O g6 11. Nc3 h5 12. Nh4 hxg4 13. Qxg4 Nh6 14. Qg3 gxf5 15. Nxf5 Rg8 16. Qe3 Nxf5 17. exf5 d5 18. d4 Nxd4 19. Rf2 Bc5 20. Kf1 Bb6 21. Qd3 e4 22. Qd2 Nxf5 23. Rxf5 Qxf5+ 24. Qf4 Qg6 25. Qg4+ Qxg4 26. hxg4 c6 27. Ke2 f5 28. g5 Bc7 29.
Bd2 f4 30. Bh3+ Kb8 31. Rg1 Bh5+ 32. Kf1 e3 33. Be1 f3 34. Bg3 f2 35. Bxc7+ Kxc7 36. Rg3 d4 37. Ne4 e2+ 38. Kxf2 Rdf8+ 39. Nf6 Rxf6+ 40.
Ke1 Rfg6 41. Bg4 Rxg5 0-1

[Event "Rapid della Domenica"]
[Site "Chess.com"]
[Date "2020.04.19"]
[Round "6"]
[White "ferrariand"]
[Black "moha1812med"]
[Result "1-0"]
[WhiteElo "1546"]
[BlackElo "1042"]
[TimeControl "720+3"]
[EndTime "8:34:14 PDT"]
[Termination "ferrariand ha vinto per tempo"]

1. e4 e5 2. Nf3 Nf6 3. Nxe5 d6 4.
Nf3 Nxe4 5. Qe2 d5 6. d3 Bb4+ 7. c3 O-O 8. dxe4 Bc5 9. Qc2 Re8 10. Be2 dxe4 11. Nd4 Bxd4 12. cxd4 Bf5 13. Be3 Nc6 14. Qc5 Bg6 15. O-O Re7 16. Bb5 Re6 17. Nc3 a6 18.
Bc4 Rd6 19. Qg5 Qxg5 20. Bxg5 b5 21. Bd5 b4 22. Bxc6 Rxc6 23. Nd5 Re8 24. Ne7+ Rxe7 25. Bxe7 f6 26. Bxb4 Rb6 27. Ba3 e3 28. fxe3 Bd3 29.
Rfe1 g5 30. Rad1 Bc2 31. Rd2 Be4 32. d5 Rb8 33. d6 Rd8 34. Rd4 cxd6 35. Rxe4 d5 36.
Rd4 f5 37. Red1 Re8 38. Rxd5 Rxe3 39. Rd8+ Kg7 40. Bf8+ Kg6 41. R1d6+ Kh5 42. Kf2 f4 43.
R8d7 1-0

[Event "Rapid della Domenica"]
[Site "Chess.com"]
[Date "2020.04.19"]
[Round "6"]
[White "FrancescoZasa"]
[Black "MartinoMontepietra"]
[Result "0-1"]
[WhiteElo "587"]
[BlackElo "739"]
[TimeControl "720+3"]
[EndTime "8:43:42 PDT"]
[Termination "MartinoMontepietra ha vinto per scaccomatto"]

1. d4 g6 2. Nf3 Bg7 3. Nc3 Nf6 4. e4 O-O 5. Bc4 a6 6. Be3 b5 7. Bd3 e6 8. b4 d5 9. exd5 exd5 10. a3 Re8 11. O-O Nfd7 12. h3 Bf6 13. g4 h5 14.
Bh6 Kh7 15. Qd2 hxg4 16. hxg4 Rh8 17. Bg5 Qg8 18. Bxf6 Nxf6 19. Kg2 Bxg4 20. Rh1+ Kg7 21. Rxh8 Qxh8 22. Qf4 Bh3+ 23. Kg1 Nbd7 24. Qxc7 Rc8 25. Qf4 Rg8 26. Qh4 Nh5 27. Qxh3 Qh7 28. Kf1 Rh8 29. Ke2 Ndf6 30. Kd2 a5 31. Rg1 axb4 32. Rxg6+ fxg6 33. Nxb5 Rb8 34. Qd7+ Nxd7 35. axb4 Qh6+ 36.
Kc3 Rc8+ 37. Kb3 Ndf6 38. Nd6 Rh8 39. Ne5 Qd2 40. Nxg6 Rd8 41. Nc4 Qxf2 42. Nge5 dxc4+ 43. Kxc4 Rc8+ 44. Kb3 Nd5 45. b5 Rb8 46. Nd7 Rb7 47.
Ne5 Nhf4 48. c3 Nxd3 49. Nxd3 Qe3 50. Kc4 Nxc3 51. Nc5 Rc7 52. b6 Rc8 53. b7 Rb8 54. d5 Qf4+ 55. Kxc3 Qf3+ 56. Kd4 Rf8 57. d6 Qf4+ 58.
Kc3 Qxd6 59. Kc4 Qf4+ 60. Kb5 Qc7 61. Kc4 Rf4+ 62. Kb5 Rf1 63. Kc4 Rc1+ 64. Kd5 Rxc5+ 65. Ke4 Qxb7+ 66. Ke3 Re5+ 67. Kf4 Re6 68. Kf5 Re1 69.
Kf4 Qf7+ 70. Kg3 Rg1+ 71. Kh2 Rg6 72. Kh3 Qf1+ 73. Kh4 Qh1# 0-1

[Event "Rapid della Domenica"]
[Site "Chess.com"]
[Date "2020.04.19"]
[Round "6"]
[White "OMatteoWuO"]
[Black "Mrtre7"]
[Result "0-1"]
[WhiteElo "1198"]
[BlackElo "1379"]
[TimeControl "720+3"]
[EndTime "8:46:05 PDT"]
[Termination "Mrtre7 ha vinto per abbandono"]

1. d4 d5 2. c4 c6 3. Nc3 Nf6 4. Nf3 e6 5. e3 dxc4 6. Bxc4 Nbd7 7. O-O b5 8. Bd3 a6 9. a3 c5 10. dxc5 Bxc5 11. b4 Bb6 12. Bb2 Bb7 13. Rc1 Rc8 14.
Qe2 O-O 15. Rfd1 Qe7 16. h3 e5 17. Ng5 h6 18. Nge4 Nxe4 19. Bxe4 Rxc3 20. Bxb7 Rxc1 21.
Rxc1 Nf6 22. Bxa6 Qd7 23. Bxb5 Qf5 24. Bd3 e4 25. Bc4 Rd8 26. Bxf6 Qxf6 27. a4 Rb8 28. b5 Qe5 29. Rb1 Bc7 30. g3 Rb6 31. a5 Rg6 32. Kf1 Qf5 33. Ke1 Qxh3 34. b6 Bb8 35. b7 Rf6 36.
Kd2 Qd7+ 37. Kc3 Qc7 38. Rb4 Ra6 39. Kb3 Rxa5 40. Ra4 Qxb7+ 41. Bb5 Qxb5+ 42. Qxb5 Rxb5+ 43. Kc4 Rb7 44. Ra8 Kh7 45. Kd5 Ba7 46. Kxe4 Re7+ 47. Kd5 Kg6 48. Kd6 Rb7 49. Re8 Rb6+ 50. Kd5 Rf6 51. Ke4 Rxf2 52. Re7 Re2 53. Rxa7 Rg2 54. Ra6+ Kh5 55. Kf4 Rb2 56. Ra5+ Kg6 57. Ra6+ Kh7 58. Rd6 g6 59. g4 Rb4+ 60. Kf3 Kg7 61. e4 Rb3+ 62.
Kf4 Rb5 63. Rd5 Rb6 64. Re5 Rf6+ 65. Ke3 g5 66. Re8 Kg6 67. Re5 h5 68. gxh5+ Kxh5 69. Rd5 Kh4 70. Re5 g4 71. Rd5 Kh3 72. Rd2 Rf3+ 73.
Ke2 Rf4 74. Rd3+ g3 75. Rf3 Rxf3 76. Kxf3 Kh2 77. e5 g2 0-1